 Dungeon Sprint DCSS version 0.18.1-5-g4a78601 (webtiles) character file.

1736 Hipnos the Unseen (level 8, -1/52 HPs)
             Began as a Vampire Enchanter on May 14, 2016.
             Was a Follower of Dithmenos.
             Slain by a demonic crawler (9 damage)
             ... in the Dungeon (Sprint I: "Red Sonja").
             The game lasted 00:04:09 (294 turns).

Hipnos the Unseen (Vampire Enchanter)                Turns: 294, Time: 00:04:10

Health: -1/52      AC:  3    Str:  7    XL:     8   Next: 76%
Magic:  1/16       EV: 16    Int: 18    God:    Dithmenos [*.....]
Gold:   405        SH:  0    Dex: 16    Spells: 3 memorised, 12 levels left

rFire  . . .     SeeInvis +     a - +1 dagger
rCold  . . .     Gourm    .     b - +1 robe
rNeg   . . .     Faith    .     (no shield)
rPois  .         Spirit   .     (no helmet)
rElec  .         Dismiss  .     (no cloak)
rCorr  .         Reflect  .     (no gloves)
SustAt .         Harm     .     (no boots)
MR     .....     NoTele   +     (no amulet)
Stlth  +++++++++.               (no ring)
                                (no ring)

@: regenerating quickly, wreathed by umbra, not resistant to hostile
enchantments, incredibly stealthy
A: fangs 3, see invisible, unbreathing
a: Renounce Religion


You were in the Dungeon.
You worshipped Dithmenos.
Dithmenos was aware of your devotion.
You were full.

You visited 1 branch You collected 405 gold pieces.

Inventory:

Hand Weapons
 a - a +1 dagger (weapon)
Armour
 b - a +1 robe (worn)
Scrolls
 j - a scroll of blinking
 k - a scroll of enchant armour {unknown}
Potions
 d - a potion of blood
 e - a potion of curing
 f - a potion of heal wounds
 g - a potion of haste
 h - 2 potions of magic
 i - a potion of berserk rage
 l - a potion of mutation {unknown}
Books
 c - a book of Maledictions

   Spells                             Type                      Level
   a - Corona                         Hexes                        1
   b - Ensorcelled Hibernation        Hexes/Ice                    2
   c - Confuse                        Hexes                        3
   d - Tukima's Dance                 Hexes                        3
   e - Dazzling Spray                 Conjuration/Hexes            3


   Skills:
 * Level 8.6 Short Blades
 + Level 6.1 Dodging
 * Level 19.6 Stealth
 + Level 5.6 Spellcasting
 + Level 12.8 Hexes
 - Level 1.3 Ice Magic


You had 12 spell levels left.
You knew the following spells:

 Your Spells              Type           Power        Failure   Level  Hunger
a - Corona                Hex            ######.      1%          1    None
b - Ensorcelled Hibernat  Hex/Ice        ####..       1%          2    None
c - Confuse               Hex            ######..     1%          3    ##.....


Dungeon Overview and Level Annotations

Branches:
Dungeon (1/1)

Altars:
Cheibriados
Dithmenos
Elyvilon
Fedhas
Gozag
Kikubaaqudgha
Makhleb
Nemelex Xobeh
Okawaru
Pakellas
Qazlal
Ru
Sif Muna
Trog
Vehumet
Xom
Yredelemnul
Zin
The Shining One
Jiyva

Shops:
D }


Innate Abilities, Weirdness & Mutations

Your natural rate of healing is unusually fast.
You have razor-sharp teeth.
You have supernaturally acute eyesight.
You can survive without breathing.


Message History

Casting: Confuse
Confirm with . or Enter, or press ? or * to list all spells.
Aiming: Confuse
Press: ? - help, Shift-Dir - straight line, f - demonic crawler
Aim: a demonic crawler (clinging, umbra, chance to defeat MR: 11%)
The demonic crawler resists with almost no effort.
The demonic crawler hits you but does no damage.
The demonic crawler barely misses you. x2
Casting: Confuse
Confirm with . or Enter, or press ? or * to list all spells.
Aiming: Confuse
Press: ? - help, Shift-Dir - straight line, f/p - demonic crawler
Aim: a demonic crawler (clinging, umbra, chance to defeat MR: 11%)
The demonic crawler resists with almost no effort.
The demonic crawler misses you. The demonic crawler closely misses you.
The demonic crawler barely misses you. The demonic crawler misses you.
The demonic crawler hits you!
* * * LOW HITPOINT WARNING * * *
The demonic crawler hits you!
You die...

#######################
#.)').#.)'..#__#.ss...#
'..#..'..#..'..'@.#.).##+#
#####'#####'#__####)..'..#
####..#...#(#### #####..+
#__####..##.# +##
#_.___##'#..+
#_.∩..÷'..._#
#_..._##_.#'#
#_____###+#.# ####### ###


You could see 2 demonic crawlers.

Vanquished Creatures
  2 kobold demonologists (D)
  2 demonic crawlers (D)
  A slime creature (D)
  Sigmund (D)
  A yak (D)
  A giant eyeball (D)
  An ogre (D)
  A jelly (D)
  Ijyb (D)
11 creatures vanquished.

Vanquished Creatures (others)
  A gargoyle (D)
1 creature vanquished.

Grand Total: 12 creatures vanquished

Notes
Turn   | Place    | Note
--------------------------------------------------------------
     0 | D        | Hipnos the Vampire Enchanter began the quest for the Orb.
     0 | D        | Reached XP level 1. HP: 13/13 MP: 3/3
     1 | D        | Noticed Ijyb
     8 | D        | Killed Ijyb
     8 | D        | Reached skill level 7 in Stealth
     8 | D        | Reached XP level 2. HP: 16/19 MP: 3/5
    16 | D        | Learned a level 2 spell: Ensorcelled Hibernation
    31 | D        | Noticed an ogre
    34 | D        | Killed an ogre
    34 | D        | Reached skill level 10 in Stealth
    34 | D        | Reached XP level 3. HP: 22/24 MP: 3/7
    34 | D        | Reached XP level 4. HP: 28/30 MP: 3/8
    87 | D        | Noticed Sigmund
    90 | D        | Killed Sigmund
    90 | D        | Reached skill level 5 in Short Blades
    90 | D        | Reached skill level 13 in Stealth
    90 | D        | Reached skill level 1 in Ice Magic
    90 | D        | Reached XP level 5. HP: 35/35 MP: 8/10
    95 | D        | Learned a level 3 spell: Confuse
   107 | D        | Found a deep blue altar of Sif Muna.
   109 | D        | Found a radiant altar of Vehumet.
   114 | D        | Reached XP level 6. HP: 41/41 MP: 8/11
   130 | D        | Killed a gargoyle
   142 | D        | Found Tuetz's Gadget Emporium.
   142 | D        | Found a white marble altar of Elyvilon.
   142 | D        | Found a stormy altar of Qazlal.
   142 | D        | Found a burning altar of Makhleb.
   142 | D        | Found a sacrificial altar of Ru.
   142 | D        | Found an oddly glowing altar of Pakellas.
   142 | D        | Found a basalt altar of Yredelemnul.
   142 | D        | Found a glowing golden altar of the Shining One.
   142 | D        | Found a sparkling altar of Nemelex Xobeh.
   142 | D        | Found a shimmering altar of Xom.
   142 | D        | Found an opulent altar of Gozag.
   142 | D        | Found an ancient bone altar of Kikubaaqudgha.
   142 | D        | Found a glowing silver altar of Zin.
   142 | D        | Noticed a yak
   143 | D        | Found an iron altar of Okawaru.
   144 | D        | Killed a yak
   144 | D        | Reached skill level 14 in Stealth
   144 | D        | Reached skill level 10 in Hexes
   145 | D        | Found a bloodstained altar of Trog.
   165 | D        | Found a snail-covered altar of Cheibriados.
   165 | D        | Found a viscous altar of Jiyva.
   165 | D        | Found a shadowy altar of Dithmenos.
   165 | D        | Found a blossoming altar of Fedhas.
   165 | D        | Noticed a slime creature
   168 | D        | Killed a slime creature
   168 | D        | Reached skill level 15 in Stealth
   168 | D        | Reached XP level 7. HP: 46/46 MP: 13/13
   170 | D        | Became a worshipper of Dithmenos the Shadowed
   183 | D        | Noticed a kobold demonologist
   184 | D        | Noticed a kobold demonologist
   186 | D        | Reached skill level 5 in Dodging
   186 | D        | Reached skill level 16 in Stealth
   191 | D        | Killed a kobold demonologist
   191 | D        | Reached skill level 17 in Stealth
   191 | D        | Reached skill level 5 in Spellcasting
   195 | D        | Killed a kobold demonologist
   195 | D        | Reached * piety under Dithmenos
   195 | D        | Reached skill level 18 in Stealth
   195 | D        | Reached XP level 8. HP: 51/52 MP: 4/15
   280 | D        | Noticed a demonic crawler
   280 | D        | Noticed a demonic crawler
   280 | D        | Noticed a demonic crawler
   280 | D        | Noticed a demonic crawler
   282 | D        | Killed a demonic crawler
   282 | D        | Reached skill level 19 in Stealth
   283 | D        | Killed a demonic crawler
   294 | D        | Slain by a demonic crawler

Skill      XL: |  1  2  3  4  5  6  7  8 |
---------------+-------------------------+-----
Short Blades   | 2 4 5 6 7 8 |  8.6
Stealth        | 7 10 13 15 18 19 | 19.6
Hexes          | 6 7 9 11 12 | 12.8
Dodging        | 3 4 5 6 |  6.1
Spellcasting   | 3 4 5 |  5.6
Ice Magic      | 1 |  1.3

Action                   |  1- 3 |  4- 6 |  7- 9 || total
-------------------------+-------+-------+-------++-------
Melee: Dagger            |     6 |     4 |     6 ||    16
       Bite              |     1 |       |       ||     1
 Cast: Ensorcelled Hiber |     1 |     1 |     4 ||     6
       Confuse           |       |       |     5 ||     5
 Stab: Sleeping          |     2 |     4 |     5 ||    11
  Eat: Corpse            |     1 |     1 |     1 ||     3
Armor: Robe              |       |       |     4 ||     4
Dodge: Dodged            |     2 |     1 |    20 ||    23
